 Dungeon Crawl Stone Soup version 0.31-a0-66-ge618eeaa78 (webtiles) character file.

Game seed: 1557514282847364098

100951 vineage the Impaler (level 16, -1/107 HPs)
             Began as a Gargoyle Fighter on May 22, 2023.
             Was the Champion of Okawaru.
             Slain by an iron dragon skeleton (14 damage)
             ... on level 14 of the Dungeon.
             The game lasted 00:26:51 (22539 turns).

vineage the Impaler (Gargoyle Fighter)             Turns: 22539, Time: 00:26:52

Health: -1/107     AC: 33    Str: 35    XL:     16   Next: 29%
Magic:  28/28      EV: 14    Int:  8    God:    Okawaru [******]
Gold:   2259       SH: 10    Dex: 19    Spells: 15/15 levels left

rFire   + + .        O - +4 demon trident (flame)
rCold   + . .        c - +0 buckler
rNeg    + . .        o - +2 scale mail of the Bull {Harm rPois rC+ Str+4}
rPois   ∞            s - +0 helmet
rElec   +            P - +0 cloak {rF+}
rCorr   +            Y - +0 pair of gloves of Virtue {Will+ rCorr MP+9}
SInv    .            R - +1 pair of boots "Mokog" {rF+}
Will    ++...        L - amulet of the acrobat
Stlth   ++           j - +6 ring of strength
HPRegen 0.37/turn    n - +6 ring of dexterity
MPRegen 0.21/turn

%: harm (+30% outgoing, +20% incoming), acrobat
@: heroic, flying
A: sickness immunity, AC +12, big wings, negative energy resistance 1,
electricity resistance, torment resistance 1, petrification resistance
a: Renounce Religion, Heroism, Finesse, Duel


You were on level 14 of the Dungeon.
You worshipped Okawaru.
Okawaru was exalted by your worship.
You visited 3 branches of the dungeon, and saw 20 of its levels.
You also visited: Sewer and Volcano.

You collected 3203 gold pieces.
You spent 944 gold pieces at shops.

Inventory:

Hand Weapons
 O - a +4 demon trident of flaming (weapon)
Missiles
 C - 2 throwing nets (quivered)
Armour
 c - a +0 buckler (worn)
 o - the +2 scale mail of the Bull (worn) {Harm rPois rC+ Str+4}
   (You took it off an orc on level 3 of the Dungeon)

   Str:       It affects your strength (+4).
   rC:        It protects you from cold.
   rPois:     It protects you from poison.
   Harm:      It increases damage dealt and taken.
 p - a +0 cloak
 q - a +0 pair of gloves
 s - a +0 helmet (worn)
 D - a +0 pair of boots of stealth
 P - a +0 cloak of fire resistance (worn)
 Q - a +3 scale mail of fire resistance
 R - the +1 pair of boots "Mokog" (worn) {rF+}
   (Okawaru gifted it to you on level 5 of the Lair of Beasts)

   rF:        It protects you from fire.
 Y - the +0 pair of gloves of Virtue (worn) {Will+ rCorr MP+9}
   (You found it on level 13 of the Dungeon)

   MP:        It affects your magic capacity (+9).
   rCorr:     It protects you from acid and corrosion.
   Will:      It increases your willpower.
Jewellery
 a - a ring of wizardry
 j - a +6 ring of strength (left hand)
 n - a +6 ring of dexterity (right hand)
 u - a +4 ring of slaying
 v - a ring of ice
 y - a ring of fire
 B - an amulet of faith
 H - a ring of willpower
 L - an amulet of the acrobat (around neck)
 T - a +5 ring of evasion
 X - a +6 ring of intelligence
Wands
 e - a wand of mindburst (8)
 m - a wand of quicksilver (25)
 t - a wand of paralysis (18)
 J - a wand of roots (1)
 S - a wand of flame (4)
 U - a wand of polymorph (7)
 V - a wand of digging (7)
Scrolls
 f - a scroll of brand weapon
 g - 2 scrolls of fog
 i - 8 scrolls of teleportation
 w - a scroll of blinking
 z - 2 scrolls of enchant armour
 A - 4 scrolls of identify
 E - 3 scrolls of amnesia
 F - a scroll of poison
Potions
 b - 6 potions of resistance
 d - 5 potions of attraction
 h - 11 potions of curing
 k - 8 potions of might
 l - 2 potions of cancellation
 r - a potion of ambrosia
 x - 3 potions of heal wounds
 G - 3 potions of enlightenment
 I - a potion of mutation
 K - a potion of berserk rage
 M - 4 potions of magic
 N - a potion of haste
 W - a potion of brilliance {unknown}


   Skills:
 + Level 14.6(19.6) Fighting
 * Level 16.7(21.7) Polearms
 + Level 14.2(19.2) Armour
 + Level 14.2(19.2) Shields
 - Level 5.0 Invocations


You had 15 spell levels left.
You didn't know any spells.
Your spell library contained the following spells:

 Spells                   Type           Power      Damage    Failure   Level
 Beastly Appendage        Tmut           0%         N/A       54%         1
 Freeze                   Ice            0%         1d3       54%         1
 Kiss of Death            Conj/Necr      0%         2d5       54%         1
 Slow                     Hex            0%         N/A       54%         1
 Blink                    Tloc           0%         N/A       69%         2
 Passwall                 Tmut/Erth      0%         N/A       69%         2
 Wereblood                Tmut           0%         N/A       69%         2
 Confusing Touch          Hex            0%         N/A       89%         3
 Dazzling Flash           Conj/Hex       0%         N/A       89%         3
 Frozen Ramparts          Ice            0%         1d1       89%         3
 Hailstorm                Conj/Ice       0%         3d3       89%         3
 Ignite Poison            Fire/Tmut/Pois 0%         N/A       89%         3
 Portal Projectile        Hex/Tloc       0%         N/A       89%         3
 Spider Form              Tmut/Pois      0%         N/A       89%         3
 Vampiric Draining        Necr           0%         2d6       89%         3
 Volatile Blastmotes      Fire/Tloc      0%         2d10      89%         3
 Dispel Undead            Necr           0%         3d6       100%        4
 Iskenderun's Mystic Bla  Conj/Tloc      0%         2d3       100%        4
 Leda's Liquefaction      Hex/Erth       0%         N/A       100%        4
 Manifold Assault         Tloc           0%         N/A       100%        4
 Blade Hands              Tmut           0%         N/A       100%        5
 Borgnjor's Vile Clutch   Necr/Erth      0%         N/A       100%        5
 Freezing Cloud           Conj/Ice/Air   0%         6-21      100%        5
 Iron Shot                Conj/Erth      0%         9d1       100%        6
 Starburst                Conj/Fire      0%         6d3       100%        6
 Storm Form               Tmut/Air       0%         N/A       100%        7
 Cigotuvi's Dreadful Rot  Necr/Pois/Air  Unusable   N/A       N/A         2
 Tukima's Dance           Hex            Unusable   N/A       N/A         3

Dungeon Overview and Level Annotations

Branches:
Dungeon (14/15)            Temple (1/1) D:6            Lair (5/5) D:8
 Shoals (0/4) Lair:2       Spider (0/4) Lair:2        Slime (0/5) Lair:4
    Orc (0/2) D:11         Vaults (0/5) D:14          Sewer (visited)
Volcano (visited)

Altars:
Ashenzari
Cheibriados
Dithmenos
Elyvilon
Fedhas
Gozag
Hepliaklqana
Kikubaaqudgha
Makhleb
Nemelex Xobeh
Okawaru
Qazlal
Ru
Sif Muna
Trog
Uskayaw
Vehumet
Wu Jian
Xom
Yredelemnul
Zin
The Shining One
Jiyva

Shops:
D:6 [?[(*   D:7 **   D:8 =   D:12 (   D:14 :

Annotations:
D:10 1 runed translucent door
Lair:2 2 transporters
Abyss:1 Joseph


Innate Abilities, Weirdness & Mutations

You are immune to sickness and miasma.
Your stone body is resilient. (AC +12)
You are immune to poison.
Your large and strong wings let you fly.
You resist negative energy. (rN+)
You are resistant to electric shocks. (rElec)
You are resistant to unholy torment.
You are immune to petrification.


Message History

The spriggan air mage skeleton is severely damaged.
You block the spriggan air mage skeleton's attack.
You puncture the spriggan air mage skeleton!
You burn the spriggan air mage skeleton.
The spriggan air mage skeleton is severely damaged.
You stick the spriggan air mage skeleton like a pincushion!!!
You burn the spriggan air mage skeleton!
You destroy the spriggan air mage skeleton!
Okawaru accepts your kill.
You impale the soul eater!! You burn the soul eater!
The soul eater is severely wounded.
You puncture the soul eater! You burn the soul eater.
You kill the soul eater!
Okawaru accepts your kill.
You puncture the iron dragon skeleton! You burn the iron dragon skeleton.
The iron dragon skeleton is lightly damaged.
The iron dragon skeleton bites you but does no damage.
The iron dragon skeleton barely misses you.
The iron dragon skeleton tramples you!
* * * LOW HITPOINT WARNING * * *
You are shoved backwards!
You completely miss the iron dragon skeleton.
The iron dragon skeleton is lightly damaged.
You puncture the iron dragon skeleton! You burn the iron dragon skeleton.
The iron dragon skeleton is moderately damaged.
You hit the iron dragon skeleton but do no damage.
The iron dragon skeleton is moderately damaged.
The iron dragon skeleton bites you!
* * * LOW HITPOINT WARNING * * *
The iron dragon skeleton misses you.
The iron dragon skeleton tramples you but does no damage.
You puncture the iron dragon skeleton! You burn the iron dragon skeleton.
The iron dragon skeleton is heavily damaged.
You impale the iron dragon skeleton!! You burn the iron dragon skeleton.
The iron dragon skeleton is almost destroyed.
You hit the iron dragon skeleton. You burn the iron dragon skeleton.
The iron dragon skeleton is almost destroyed.
The iron dragon skeleton bites you but does no damage.
The iron dragon skeleton claws you!
You die...

#..........# ### #..##.#.#
#..# #.########.# #.# #.#.#
#..# ### ######
#.###.#.#####.)# .....#
#.##.......##))# .)....#
#.##.......##..# ####...
#.##.......##... †††#...###
#.##............
†††#...'.###†##.......#####
$††#...#.Z@.†††.......#
####.Z.########.......#
Z.....# ######### .....#
#####


You could see an iron dragon skeleton.

Vanquished Creatures
  Kirke (D:14)
  Nessos (Lair:5)
  The ghost of Stil the Zephyrmancer, a journeyman DsAE of Sif Muna (D:12)
  9 hydras
  Harold (D:9)
  A catoblepas (Lair:3)
  A boulder beetle (Lair:5)
  Erica (D:10)
  2 ice dragons
  6 centaur warriors
  4 two-headed ogres
  2 tengu warriors
  14 death yaks (Lair:5)
  Urug (D:10)
  3 soul eaters (D:14)
  Nergalle (D:10)
  5 skeletal warriors (D:13)
  4 lindwurms (Lair:5)
  3 wizards (Volcano)
  Pikel (D:5)
  An orc knight (D:14)
  6 manticores
  A tengu skeleton (D:14)
  3 cyclopes
  A frost giant zombie (D:14)
  An oklob plant (Lair:5)
  2 fire giant zombies (D:14)
  A merfolk siren (Lair:2)
  4 toenail golems (Volcano)
  15 elephants
  A stone giant skeleton (D:14)
  A centaur zombie (D:11)
  8 black mambas
  An ice statue (Lair:3)
  7 torpor snails
  15 cane toads
  2 gargoyles
  6 komodo dragons
  An efreet (D:14)
  6 rime drakes
  A troll (D:12)
  7 polar bears
  4 tyrant leeches (Lair:5)
  7 hornets (Lair:5)
  34 blink frogs
  A meliai zombie (D:11)
  2 dream sheep (Lair:5)
  A spriggan zombie (D:14)
  3 spriggan skeletons (D:14)
  6 wraiths
  A shadow (D:11)
  3 vampires
  Sigmund (D:4)
  57 yaks
  A ynoxinul (D:12)
  3 wyverns
  19 humans (D:14)
  5 basilisks
  2 hogs (D:14)
  3 vampire mosquitoes (D:11)
  2 steam dragons
  Menkaure (D:7)
  2 acid dragons
  Edmund (D:4)
  8 water moccasins
  3 orc warriors
  4 black bears
  8 ice beasts
  3 ogres
  2 sky beasts
  19 centaurs
  9 wolves
  The ghost of bmj180 the Chiller, an amateur MfIE (D:3)
  4 lemures (D:5)
  16 bullfrogs
  4 kobold brigands
  2 scorpions
  9 wights
  11 killer bees
  An electric eel (Lair:3)
  2 howler monkeys (D:10)
  2 hounds (D:6)
  3 orc priests
  A gnoll bouda (D:5)
  6 jellies
  A sleepcap (D:5)
  4 iguanas
  Ijyb (D:3)
  Terence (D:2)
  8 orc wizards
  14 hell rats
  11 gnolls
  12 adders
  2 river rats (Sewer)
  A shadow imp (D:6)
  5 white imps
  An ufetubus (D:5)
  2 dart slugs
  34 orcs
  9 bats (Lair:3)
  5 endoplasms
  4 giant cockroaches
  16 goblins
  5 hobgoblins
  25 kobolds
  5 quokkas
  15 ball pythons
  10 frilled lizards
  11 rats
632 creatures vanquished.

Notes
Turn   | Place    | Note
-------+----------+-------------------------------------------
     0 | D:1      | vineage the Gargoyle Fighter began the quest for the Orb.
     0 | D:1      | Reached XP level 1. HP: 14/14 MP: 1/1
    58 | D:1      | Reached skill level 2 in Polearms
    71 | D:1      | Reached XP level 2. HP: 19/19 MP: 2/2
   402 | D:1      | Reached XP level 3. HP: 24/24 MP: 3/3
   435 | D:1      | Identified a scroll of acquirement
   437 | D:1      | Acquired 858 gold pieces
   783 | D:2      | Noticed Terence
   801 | D:2      | Killed Terence
   802 | D:2      | Reached skill level 3 in Polearms
   802 | D:2      | Reached XP level 4. HP: 16/29 MP: 4/4
  1125 | D:2      | Found a faded altar of an unknown god.
  1537 | D:3      | Found a hazy altar of Hepliaklqana.
  1587 | D:3      | Found a white marble altar of Elyvilon.
  1723 | D:3      | Found a runed translucent gate.
  1724 | D:3      | Found a runed translucent gate.
  1724 | D:3      | Found a runed translucent gate.
  1724 | D:3      | Identified the +7 spear of Fiqeg {distort, rCorr Str+3
                  | Dex+3 SInv}
  1724 | D:3      | Identified the +2 scale mail of the Bull {Harm rPois rC+
                  | Str+4}
  1735 | D:3      | Noticed bmj180's ghost (amateur MfIE)
  1738 | D:3      | Noticed Ijyb
  1750 | D:3      | Killed Ijyb
  1751 | D:3      | Reached skill level 4 in Polearms
  1751 | D:3      | Reached XP level 5. HP: 4/34 MP: 5/5
  2630 | D:3      | Killed bmj180's ghost
  2631 | D:3      | Reached XP level 6. HP: 29/39 MP: 6/6
  2754 | D:4      | Noticed Sigmund
  2760 | D:4      | Killed Sigmund
  2761 | D:4      | Reached skill level 5 in Fighting
  2917 | D:4      | Reached XP level 7. HP: 44/44 MP: 7/7
  2919 | D:4      | Reached skill level 5 in Polearms
  2950 | D:4      | Found an ancient bone altar of Kikubaaqudgha.
  3301 | D:4      | Noticed Edmund
  3309 | D:4      | Killed Edmund
  3335 | D:5      | Entered Level 5 of the Dungeon
  3527 | D:5      | Identified the staff of death "Faruef" {rN+ rCorr Str+7
                  | Dex-4}
  3555 | D:5      | Reached XP level 8. HP: 51/51 MP: 8/8
  3574 | D:5      | Noticed Pikel
  3596 | D:5      | Killed Pikel
  3597 | D:5      | Reached skill level 6 in Polearms
  3597 | D:5      | Reached skill level 5 in Armour
  3597 | D:5      | Reached skill level 5 in Shields
  3679 | D:5      | Found a radiant altar of Vehumet.
  3906 | D:5      | Found a glowing drain.
  3915 | Sewer    | Entered a sewer
  4432 | D:5      | Found a shimmering blue altar of Sif Muna.
  4489 | D:6      | Reached skill level 7 in Polearms
  4489 | D:6      | Reached XP level 9. HP: 53/56 MP: 9/9
  4530 | D:6      | Found a stormy altar of Qazlal.
  4598 | D:6      | Found an ornate altar of the Wu Jian Council.
  4682 | D:6      | Found a staircase to the Ecumenical Temple.
  4689 | D:6      | Found Myor Xen's Weapon Shop.
  4703 | Temple   | Entered the Ecumenical Temple
  4710 | Temple   | Became a worshipper of Warmaster Okawaru
  4755 | D:6      | Found Necloaco's Assorted Antiques.
  4763 | D:6      | Bought a scroll labelled FOEHANUCWE for 26 gold pieces
  4763 | D:6      | Bought a scroll of teleportation for 78 gold pieces
  4763 | D:6      | Bought a scroll of identify for 52 gold pieces
  4763 | D:6      | Bought a scroll labelled QOGIQA HASCH for 26 gold pieces
  4812 | D:6      | Found a blossoming altar of Fedhas.
  4899 | D:6      | Found Fatsit's Armour Boutique.
  4902 | D:6      | Found Adanibra's Antique Armour Boutique.
  4925 | D:6      | Bought a pair of distressingly furry gloves for 218 gold
                  | pieces
  4925 | D:6      | Identified the -2 pair of gloves of the Wilderness
                  | {*Corrode Fly Dex+3 Stlth+} (You bought it in a shop on
                  | level 6 of the Dungeon)
  4925 | D:6      | Bought a pair of runed boots for 172 gold pieces
  5011 | D:6      | Reached skill level 8 in Polearms
  5042 | D:6      | Found Wece's Magic Scroll Emporium.
  5045 | D:6      | Bought a scroll of identify for 24 gold pieces
  5045 | D:6      | Bought a scroll of identify for 24 gold pieces
  5045 | D:6      | Bought a scroll of enchant weapon for 90 gold pieces
  5045 | D:6      | Bought a scroll of teleportation for 36 gold pieces
  5045 | D:6      | Bought a scroll of blinking for 90 gold pieces
  5045 | D:6      | Bought a scroll of teleportation for 36 gold pieces
  5045 | D:6      | Bought a scroll of teleportation for 36 gold pieces
  5045 | D:6      | Bought a scroll of teleportation for 36 gold pieces
  5129 | D:7      | Found a shadowy altar of Dithmenos.
  5210 | D:7      | Reached * piety under Okawaru
  5240 | D:7      | Found Guidyu's Gadget Gallery.
  5273 | D:7      | Noticed Menkaure
  5282 | D:7      | Killed Menkaure
  5283 | D:7      | Reached XP level 10. HP: 61/64 MP: 10/10
  5369 | D:7      | Found Avigos's Elemental Accessories.
  5685 | D:8      | Found Mixzungo's Jewellery Emporium.
  5721 | D:8      | Reached ** piety under Okawaru
  5722 | D:8      | Reached skill level 9 in Polearms
  5730 | D:8      | Noticed Joseph
  5740 | D:8      | Banished Joseph
  5979 | D:8      | Found a hide-covered altar of Uskayaw.
  6074 | D:8      | Identified the +9 long sword "Impbane" {spect, Int+4 Dex+8}
  6076 | D:8      | Reached *** piety under Okawaru
  6534 | D:8      | Found a staircase to the Lair.
  7057 | D:9      | Found a glowing golden altar of the Shining One.
  7281 | D:9      | Reached skill level 10 in Polearms
  7390 | D:9      | Noticed Harold
  7393 | D:9      | Reached XP level 11. HP: 71/71 MP: 11/11
  7439 | D:9      | Killed Harold
  7768 | D:9      | Found a broken altar of Ashenzari.
  7843 | D:10     | Entered Level 10 of the Dungeon
  7890 | D:10     | Reached **** piety under Okawaru
  7924 | D:10     | Noticed Nergalle
  7934 | D:10     | Killed Nergalle
  7988 | D:10     | Noticed a two-headed ogre
  7999 | D:10     | Killed a two-headed ogre
  8033 | D:10     | Noticed a cyclops
  8034 | D:10     | Found an opulent altar of Gozag.
  8037 | D:10     | Banished a cyclops
  8182 | D:10     | Found a basalt altar of Yredelemnul.
  8399 | D:10     | Found a bloodstained altar of Trog.
  8459 | D:10     | Noticed Urug
  8485 | D:10     | Killed Urug
  8919 | D:10     | Found a glowing silver altar of Zin.
  8919 | D:10     | Noticed Erica
  8926 | D:10     | Killed Erica
  8974 | D:10     | Noticed a two-headed ogre
  8975 | D:10     | Noticed a skeletal warrior
  8978 | D:10     | Found a runed translucent door.
  9341 | Lair:1   | Entered Level 1 of the Lair of Beasts
  9436 | Lair:1   | Reached skill level 5 in Invocations
  9560 | Lair:1   | Reached ***** piety under Okawaru
  9562 | Lair:1   | Reached skill level 11 in Polearms
  9706 | Lair:1   | Reached XP level 12. HP: 60/77 MP: 15/15
  9769 | Lair:1   | Noticed a catoblepas
  9778 | Lair:1   | Banished a catoblepas
  9779 | Lair:1   | Reached skill level 10 in Fighting
 10736 | Lair:2   | Reached skill level 10 in Armour
 10919 | Lair:2   | Reached skill level 10 in Shields
 10977 | Lair:2   | Reached skill level 12 in Polearms
 11182 | Lair:2   | Noticed a five-headed hydra
 11193 | Lair:2   | Killed a five-headed hydra
 11193 | Lair:2   | Received a gift from Okawaru
 11231 | Lair:2   | Found a dark tunnel.
 11236 | Volcano  | Entered a volcano
 11255 | Volcano  | Reached XP level 13. HP: 84/84 MP: 16/16
 11600 | Lair:2   | Found a hole to the Spider Nest.
 11665 | Lair:2   | Found a transporter.
 11666 | Lair:2   | Found a transporter.
 11731 | Lair:2   | Found a staircase to the Shoals.
 12351 | Lair:3   | Reached skill level 13 in Polearms
 12513 | Lair:3   | Identified the -1 pair of boots of Birdsong {rC+++ Will-
                  | Str+7 Dex-3} (Okawaru gifted it to you on level 3 of the
                  | Lair of Beasts)
 12513 | Lair:3   | Received a gift from Okawaru
 12523 | Lair:3   | Noticed an ice dragon
 12535 | Lair:3   | Killed an ice dragon
 13744 | Lair:4   | Found a staircase to the Slime Pits.
 13889 | Lair:4   | Found a viscous altar of Jiyva.
 14109 | Lair:4   | Gained mutation: Your large and strong wings let you fly.
                  | [Gargoyle growth]
 14109 | Lair:4   | Reached XP level 14. HP: 81/92 MP: 17/17
 14521 | Lair:3   | Reached skill level 14 in Polearms
 14599 | Lair:5   | Entered Level 5 of the Lair of Beasts
 14613 | Lair:5   | Reached ****** piety under Okawaru
 14625 | Lair:5   | Identified the +1 pair of boots "Mokog" {rF+} (Okawaru
                  | gifted it to you on level 5 of the Lair of Beasts)
 14625 | Lair:5   | Received a gift from Okawaru
 15778 | Lair:5   | Found a runed translucent door.
 15875 | Lair:5   | Received a gift from Okawaru
 16015 | Lair:5   | Reached skill level 15 in Polearms
 16361 | Lair:5   | Noticed Nessos
 16382 | Lair:5   | Killed Nessos
 16755 | Lair:5   | Reached XP level 15. HP: 55/99 MP: 18/18
 16981 | Lair:5   | Received a gift from Okawaru
 17017 | Lair:5   | Identified the -2 pair of gloves "Xevueter" {Str+3}
                  | (Okawaru gifted it to you on level 5 of the Lair of Beasts)
 17017 | Lair:5   | Received a gift from Okawaru
 18367 | D:11     | Found a staircase to the Orcish Mines.
 19007 | D:12     | Noticed Stil's ghost (journeyman DsAE)
 19534 | D:12     | Found a runed translucent door.
 19564 | D:12     | Found Pudom's Antique Weapon Boutique.
 20219 | D:12     | Killed Stil's ghost
 20220 | D:12     | Reached skill level 16 in Polearms
 20430 | D:13     | Identified the +0 pair of gloves of Virtue {Will+ rCorr
                  | MP+9}
 20642 | D:13     | Identified the +0 scale mail "Yratayn" {rElec rN+ Str+4
                  | Dex-3}
 21772 | D:14     | Found a gate to the Vaults.
 21824 | D:14     | Reached XP level 16. HP: 106/106 MP: 19/19
 21970 | D:14     | Received a gift from Okawaru
 22141 | D:14     | Found Sorgh's Tiny Tomes.
 22427 | D:14     | Noticed Kirke
 22434 | D:14     | Killed Kirke
 22539 | D:14     | Slain by an iron dragon skeleton

Illustrated notes

Levels and vault maps discovered:
D:1:      dpeg_arrival_tiny_a, layout_loops_ring, minmay_close_crescents
D:2:      layout_loops_ring, basic_ecumenical_altar, st_stairs_6, minivault_11,
          nicolae_figureground_pulse, uniq_terence
D:3:      layout_basic, lemuel_doored_altar, mainiacjoe_overflow_tiny_flanked,
          biasface_ghost_orc_armoury, uniq_ijyb
D:4:      layout_rooms, overflow_temple_1_default, nrook_uturn, uniq_edmund,
          uniq_sigmund
D:5:      layout_basic, nicolae_vehumet_radiance, kennysheep_little_box,
          gup_sewer_entry_pipe, uniq_pikel
D:6:      layout_cave_pools, grunt_qazlal_clouds, nicolae_wu_jian_wuxing_cycle,
          fedhas_ov_isle_minmay, temple_statues, serial_shops,
          nicolae_shop_just_a_little_nook, shop, shop_coins,
          nicolae_shop_statue_plus, nicolae_shop_rolled_up,
          kennysheep_generic_room_13
D:7:      layout_rooms, nicolae_dithmenos_shadow_blocks, nicolae_elemental_shop,
          nicolae_shop_gadgets, uniq_menkaure
D:8:      layout_basic, mainiacjoe_overflow_small_starburst,
          grunt_lair_entry_orc_guard_hut, serial_shops,
          nicolae_shop_tiny_real_fake_doors, minivault_22, uniq_joseph
D:9:      layout_basic, nicolae_overflow_hidden_temple,
          mainiacjoe_overflow_six_doors_small, uniq_harold
D:10:     layout_basic, old_standard_altar, zin_scriptorium, trog_hazing_becter,
          mainiacjoe_overflow_surrounded_room, minmay_st_funbox,
          corner_web_ring, uniq_nergalle, uniq_urug, uniq_erica
D:11:     layout_grid_maze, orc_0_dummy, serial_undead, serial_undead_c,
          serial_undead_b, serial_undead_f, serial_undead_e
D:12:     layout_basic, hellmonk_ghost_big_iron, serial_shops, shop
D:13:     layout_stronghold, portal_ice_cave_entry_animals_and_master
D:14:     layout_loops_ring, david_vaults_3, dk_noncrumbling_3,
          nicolae_shop_i_like_small_books_too, fountainhead,
          hellmonk_guarded_unrand_cigotuvi, uniq_kirke
Temple:   hellmonk_temple_micro_hex
Lair:1:   layout_cave_pods, chequers_serial_rivers_large_b,
          infiniplex_staircase_pool
Lair:2:   gammafunk_boulding_lane, layout_cellular_growth,
          minmay_shoals_entry_lonely_mermaid, spider_nest_entry_web_field,
          enter_volcano_4, beast_lair_carwin_10, serial_bayou_shore_b
Lair:3:   layout_big_grid, roderic_batcave, ice2_lemuel, serial_bayou_shore_a,
          grunt_megastairs_3
Lair:4:   layout_hall_layers, nicolae_slime_entry_field_trip
Lair:5:   hangedman_lair_in_review, layout_cave_pods, wormcave,
          minmay_lair_oklob_bushes, uniq_nessos

Skill      XL: |  1  2  3  4  5  6  7  8  9 10 11 12 13 14 15 16 |
---------------+-------------------------------------------------+-----
Polearms       | 2 3 4 5 7 8 10 11 12 13 15 16 | 16.7
Fighting       | 4 5 6 7 9 11 12 13 14 | 14.6
Armour         | 4 5 7 8 9 10 11 12 13 14 | 14.2
Shields        | 4 5 7 8 9 10 11 12 13 14 | 14.2
Invocations    | 5 |  5.0

Action                     |  1- 3 |  4- 6 |  7- 9 | 10-12 | 13-15 | 16-18 || total
---------------------------+-------+-------+-------+-------+-------+-------++-------
  Melee: Trident           |    74 |   156 |       |       |       |       ||   230
         Spear             |       |    11 |   220 |   482 |    50 |       ||   763
         Demon trident     |       |       |       |       |   919 |   153 ||  1072
 Invoke: Heroism           |       |       |       |     6 |    11 |     2 ||    19
    Use: Scroll            |     3 |     2 |    11 |     6 |    10 |       ||    32
         Potion            |     1 |     2 |       |     3 |     3 |       ||     9
   Stab: Sleeping          |       |       |       |     1 |       |       ||     1
         Distracted        |       |       |       |       |     1 |       ||     1
 Armour: Scale mail        |    26 |    21 |    43 |   120 |   338 |    39 ||   587
         Chain mail        |       |    49 |       |       |       |       ||    49
         Skin              |       |     8 |       |       |       |       ||     8
  Dodge: Dodged            |    27 |    47 |    45 |    91 |   310 |    48 ||   568
  Block: Buckler           |    15 |    25 |    22 |    66 |   245 |    29 ||   402

Table legend: (Time is in decaauts)
 A = Elapsed time spent in this place.
 B = Non-inter-level travel time spent in this place.
 C = Inter-level travel time spent in this place.
 D = Time resting spent in this place.
 E = Time spent auto-exploring this place.
 F = Levels seen in this place.
 G = Mean time per level.
                   A        B        C        D        E       F      G
               +--------+--------+--------+--------+--------+-----+--------+
         Total |  22092 |  20964 |   1128 |   2039 |  15706 |  22 | 1004.2 |
       Dungeon |  13258 |  12620 |    638 |    882 |   9882 |  14 |  947.0 |
        Temple |     14 |      1 |     13 |      0 |      0 |   1 |   14.0 |
          Lair |   8171 |   7695 |    476 |   1157 |   5392 |   5 | 1634.2 |
         Sewer |    345 |    345 |      0 |      0 |    227 |   1 |  345.0 |
       Volcano |    302 |    302 |      0 |      0 |    203 |   1 |  302.0 |
               +--------+--------+--------+--------+--------+-----+--------+

Top non-repeatable levels by time:
  Lair:5: 3016 daAuts
  Lair:2: 1606 daAuts
    D:10: 1417 daAuts
    D:13: 1381 daAuts
     D:3: 1303 daAuts
  Lair:1: 1290 daAuts
  Lair:3: 1262 daAuts
    D:12: 1250 daAuts
     D:9: 1143 daAuts
     D:8: 1129 daAuts
  Lair:4: 994 daAuts
     D:2: 871 daAuts
     D:5: 839 daAuts
    D:11: 818 daAuts
    D:14: 787 daAuts
